[Event "Late-Titled-Tuesday-Blitz-June-18-2024"]
[Site "Chess.com"]
[Date "2024.06.18"]
[Round "2"]
[White "topce"]
[Black "Colombiano07"]
[Result "1-0"]
[WhiteElo "2524"]
[BlackElo "2322"]
[TimeControl "180+1"]
[EndTime "14:15:43 PDT"]
[Termination "topce won by checkmate"]

1. e4 c5 2. Nf3 Nc6 3. Bb5 e5 4. c3 a6 5. Ba4 b5 6. Bc2 Bd6 7. d4 cxd4 8. cxd4 exd4 9. Nxd4 Nge7 10. Nxb5 Bxh2 11. Nd6+ Bxd6 12. Qxd6 Bb7 13. Nc3 O-O 14. Bg5 Re8 15. O-O-O Qa5 16. e5 h6 17. Bxh6 gxh6 18.
Qxh6 Qxe5 19. Bh7+ Kh8 20. Bg6+ Kg8 21. Qh7+ Kf8 22. Qxf7# 1-0

[Event "Late-Titled-Tuesday-Blitz-June-18-2024"]
[Site "Chess.com"]
[Date "2024.06.18"]
[Round "2"]
[White "mfschulz"]
[Black "HandKnit"]
[Result "1-0"]
[WhiteElo "2199"]
[BlackElo "2464"]
[TimeControl "180+1"]
[EndTime "14:15:45 PDT"]
[Termination "mfschulz won by resignation"]

1. d4 Nf6 2. Bg5 e6 3. Nd2 c5 4. e3 cxd4 5. exd4 b6 6. Ngf3 Bb7 7. Bd3 Be7 8. O-O d6 9. c3 Nbd7 10. Re1 O-O 11. h3 Re8 12. Qc2 Qc7 13. Re2 a6 14.
Rae1 b5 15. a3 Qb6 16. Bxf6 Nxf6 17. Ne4 a5 18. Nxf6+ Bxf6 19. Bxh7+ Kf8 20. Be4 d5 21. Bd3 b4 22. Ne5 Bxe5 23. Rxe5 Rec8 24. Bf1 bxa3 25. bxa3 Qxd4 26. Qh7 Rxc3 27. Qh8+ Ke7 28. Qxg7 Kd8 29. Qxf7 Rc2 30. Rxe6 1-0

[Event "Late-Titled-Tuesday-Blitz-June-18-2024"]
[Site "Chess.com"]
[Date "2024.06.18"]
[Round "2"]
[White "IlyaGrigorjev"]
[Black "Maus7"]
[Result "0-1"]
[WhiteElo "2864"]
[BlackElo "2605"]
[TimeControl "180+1"]
[EndTime "14:15:53 PDT"]
[Termination "Maus7 won by resignation"]

1. e4 c5 2. Nf3 d6 3. d4 cxd4 4. Nxd4 Nf6 5. Nc3 a6 6. Bg5 Nbd7 7. Qe2 h6 8. Bh4 g6 9. f4 e5 10. fxe5 dxe5 11. Nb3 b5 12. O-O-O Bg7 13. g4 O-O 14. g5 Nh7 15. gxh6 Bxh6+ 16. Kb1 Qxh4 17. Nd5 Ndf6 18. Ne7+ Kh8 19. Rg1 Bg4 20. Qg2 Bxd1 21.
Qxg6 Bg4 22. Bd3 Be3 23. Rf1 fxg6 24. Nxg6+ Kg7 25. Nxh4 Bg5 26. Ng2 Bh3 27. Rg1 Bxg2 28. Rxg2 Kh8 29. Nc5 Be3 30. Ne6 Rg8 0-1

[Event "Late-Titled-Tuesday-Blitz-June-18-2024"]
[Site "Chess.com"]
[Date "2024.06.18"]
[Round "2"]
[White "DanielNaroditsky"]
[Black "The_Sherman_Variation"]
[Result "1-0"]
[WhiteElo "3150"]
[BlackElo "2651"]
[TimeControl "180+1"]
[EndTime "14:15:56 PDT"]
[Termination "DanielNaroditsky won by resignation"]

1. e4 e6 2. d4 d5 3. e5 c5 4. c3 Nc6 5. Nf3 Nh6 6. Na3 Nf5 7.
Nc2 cxd4 8. cxd4 Be7 9. Bd3 h6 10. O-O Qb6 11. b4 Bd7 12. Bb2 Nxb4 13. Nxb4 Qxb4 14. Rb1 Qa4 15. Qe2 O-O 16. g4 Nh4 17.
Nxh4 Bxh4 18. f4 a6 19. g5 Bb5 20. Bxb5 Qxb5 21. Qg4 hxg5 22. fxg5 Bxg5 23. Qxg5 Rac8 24. Ba3 Rfe8 25. Rxb5 1-0

[Event "Late-Titled-Tuesday-Blitz-June-18-2024"]
[Site "Chess.com"]
[Date "2024.06.18"]
[Round "2"]
[White "IMJonathanCarlstedt"]
[Black "Kiborg95"]
[Result "1-0"]
[WhiteElo "2606"]
[BlackElo "2865"]
[TimeControl "180+1"]
[EndTime "14:15:57 PDT"]
[Termination "IMJonathanCarlstedt won by resignation"]

1. c4 d6 2. g3 g6 3. Bg2 Bg7 4.
Nc3 Nh6 5. e4 O-O 6. Nge2 e5 7.
O-O c6 8. d3 f5 9. f4 Na6 10. h3 Be6 11. Kh2 fxe4 12. Nxe4 Nf7 13. fxe5 dxe5 14. Be3 Qe7 15. a3 Rfd8 16. Qc2 Rd7 17.
Rad1 Rad8 18. b4 Bf5 19. N2c3 h6 20. g4 Be6 21. Kh1 Kh7 22. Bxa7 b5 23. Bc5 Nxc5 24. Nxc5 Rd6 25. cxb5 cxb5 26. Nxb5 Rb6 27. Nc3 Qh4 28.
Nxe6 Rxe6 1-0

[Event "Late-Titled-Tuesday-Blitz-June-18-2024"]
[Site "Chess.com"]
[Date "2024.06.18"]
[Round "2"]
[White "duone"]
[Black "PNEPaul"]
[Result "1-0"]
[WhiteElo "2431"]
[BlackElo "1973"]
[TimeControl "180+1"]
[EndTime "14:15:57 PDT"]
[Termination "duone won by resignation"]

1. d4 a6 2. e4 d6 3. Nf3 g6 4.
Bd3 h6 5. O-O Bg7 6. c3 Nd7 7.
Be3 e5 8. Nbd2 Ne7 9. d5 O-O 10. c4 f5 11. Nb3 f4 12. Bd2 g5 13. h3 Ng6 14. Nh2 Nf6 15. f3 h5 16. Rf2 Qe8 17. c5 Bd7 18. Na5 Rb8 19. b4 Nh4 20.
Nc4 Qe7 21. Rc1 dxc5 22. bxc5 Qxc5 23. Nxe5 Qa7 24. Rxc7 Bb5 25. Bxb5 axb5 26. Bc3 Qb6 27. Rxg7+ 1-0

[Event "Late-Titled-Tuesday-Blitz-June-18-2024"]
[Site "Chess.com"]
[Date "2024.06.18"]
[Round "2"]
[White "Chempiblinka"]
[Black "Crazy_girl99"]
[Result "0-1"]
[WhiteElo "2367"]
[BlackElo "2616"]
[TimeControl "180+1"]
[EndTime "14:16:04 PDT"]
[Termination "Crazy_girl99 won by checkmate"]

1. Nf3 d5 2. g3 c5 3. Bg2 Nc6 4. d4 cxd4 5. Nxd4 e5 6. Nxc6 bxc6 7. c4 Be6 8. Nc3 Nf6 9. Bg5 e4 10. cxd5 cxd5 11. Bxf6 Qxf6 12. Nxd5 Bxd5 13. Qxd5 Bb4+ 14. Kf1 O-O 15. Qxe4 Bc5 16. Bf3 Qxb2 17. Kg2 Rae8 18. Qc4 Bb6 19. Rhb1 Qe5 20. Rb5 Qxa1 21. Rh5 g6 22.
Rh4 Re5 23. Qf4 Rf5 24. Qh6 Qg7 25. Qd2 Rd8 26. Qb4 Rd4 27. Rxd4 Qxd4 28. Qe7 Qxf2+ 29. Kh3 Qf1+ 30. Kg4 h5+ 31. Kh4 g5+ 32. Kxh5 Qh3# 0-1

[Event "Late-Titled-Tuesday-Blitz-June-18-2024"]
[Site "Chess.com"]
[Date "2024.06.18"]
[Round "2"]
[White "OverallStranger"]
[Black "EddieMarsalla"]
[Result "1-0"]
[WhiteElo "2355"]
[BlackElo "2664"]
[TimeControl "180+1"]
[EndTime "14:16:09 PDT"]
[Termination "OverallStranger won by resignation"]

1. e4 c6 2. d4 d5 3. exd5 cxd5 4. Bd3 Nc6 5. c3 Qc7 6. Ne2 Bg4 7. O-O e6 8. Qe1 Bd6 9. f3 Bh5 10. Qh4 Bg6 11. Bxg6 fxg6 12. Bf4 Nge7 13. Bxd6 Qxd6 14. Qf4 Qd7 15. Nd2 Nf5 16. Qg4 Ne3 17. Qf4 Nxf1 18. Rxf1 Qf7 19. Qd6 Qe7 20. Qf4 g5 21.
Qg4 O-O 22. Nc1 e5 23. Re1 Rae8 24. Nd3 Qc7 25. Qxg5 exd4 26. Qxd5+ Qf7 27. Qxf7+ Kxf7 28. Ne4 Rg8 29. Nd6+ 1-0

[Event "Late-Titled-Tuesday-Blitz-June-18-2024"]
[Site "Chess.com"]
[Date "2024.06.18"]
[Round "2"]
[White "Lady_Nika"]
[Black "talaicito"]
[Result "1-0"]
[WhiteElo "2517"]
[BlackElo "2303"]
[TimeControl "180+1"]
[EndTime "14:16:14 PDT"]
[Termination "Lady_Nika won by resignation"]

1. e4 c5 2. Nf3 d6 3. g3 Nf6 4.
Qe2 Nc6 5. Bg2 Bg4 6. c3 Ne5 7. h3 Bxf3 8. Bxf3 c4 9. O-O Nxf3+ 10. Qxf3 Qd7 11. Kg2 g6 12. Na3 b5 13. e5 Nd5 14.
Qxd5 Rb8 15. exd6 e6 16. Qd4 Rg8 17. d3 Bxd6 18. dxc4 Bxa3 19. Qxd7+ Kxd7 20. bxa3 bxc4 21. Be3 a6 22. Rfd1+ Ke7 23. Rd4 Rgc8 24. Rad1 Rb2 25. Bg5+ Kf8 26. Bf6 Rbb8 27. Rd8+ Rxd8 28. Rxd8+ Rxd8 29. Bxd8 f5 30. Kf3 e5 31. Bc7 e4+ 32. Ke3 Ke7 33.
Kd4 Kd7 34. Bf4 1-0

[Event "Late-Titled-Tuesday-Blitz-June-18-2024"]
[Site "Chess.com"]
[Date "2024.06.18"]
[Round "2"]
[White "EternalNight8"]
[Black "AlexOstrovskiy"]
[Result "0-1"]
[WhiteElo "2420"]
[BlackElo "2723"]
[TimeControl "180+1"]
[EndTime "14:16:17 PDT"]
[Termination "AlexOstrovskiy won by resignation"]

1. e4 d5 2. exd5 Nf6 3. d4 Bg4 4. Nf3 Qxd5 5. Be2 Nc6 6. c4 Qf5 7. O-O O-O-O 8. d5 e6 9. Bd3 Bxf3 10. gxf3 Qh3 11. Bf4 exd5 12. cxd5 Nxd5 13. Qc2 g6 14. Bd2 Bd6 15. f4 Nd4 16. Qd1 Nf3+ 0-1

[Event "Late-Titled-Tuesday-Blitz-June-18-2024"]
[Site "Chess.com"]
[Date "2024.06.18"]
[Round "2"]
[White "Bauman_Guy"]
[Black "ChessSG1"]
[Result "1-0"]
[WhiteElo "2908"]
[BlackElo "2492"]
[TimeControl "180+1"]
[EndTime "14:16:21 PDT"]
[Termination "Bauman_Guy won by resignation"]

1. e4 c5 2. Nf3 g6 3. d4 cxd4 4. Nxd4 Nc6 5. c4 Bg7 6. Be3 Nf6 7. Nc3 d6 8. Be2 O-O 9. O-O Bd7 10. f3 Nxd4 11.
Bxd4 a5 12. b3 Bc6 13. Qd2 Nd7 14. Bf2 Be5 15. Rfe1 e6 16. Bf1 Qf6 17. Rac1 Nc5 18.
Ne2 Qe7 19. Nd4 Rfd8 20. Rcd1 Qc7 21. g3 Bg7 22. Qe3 Re8 23. Rd2 Rad8 24. Red1 d5 25.
Nxc6 bxc6 26. Qxc5 Bh6 27. f4 Bf8 28. Qb6 Qd7 29. cxd5 exd5 30. exd5 c5 31. d6 Rb8 32. Qxc5 Rec8 33. Qxa5 Ra8 34. Qd5 1-0

[Event "Late-Titled-Tuesday-Blitz-June-18-2024"]
[Site "Chess.com"]
[Date "2024.06.18"]
[Round "2"]
[White "Pachonpower"]
[Black "ElCoachRene"]
[Result "1-0"]
[WhiteElo "2452"]
[BlackElo "2082"]
[TimeControl "180+1"]
[EndTime "14:16:22 PDT"]
[Termination "Pachonpower won by resignation"]

1. e4 Nc6 2. d4 d5 3. e5 f6 4. Nf3 Bg4 5. Bb5 Qd7 6. O-O a6 7. Bxc6 Qxc6 8. Re1 e6 9. c3 f5 10. Nbd2 Nh6 11. h3 Bh5 12. Nf1 Nf7 13. Ng3 Bxf3 14. Qxf3 Be7 15. Qh5 g6 16. Qf3 O-O 17. Bd2 b5 18. Qd3 Ng5 19. h4 Ne4 20.
h5 Qc4 21. Qxc4 bxc4 22. Nxe4 fxe4 23. hxg6 hxg6 24. b3 Rab8 25. bxc4 Rb2 26. Be3 c6 27.
cxd5 cxd5 28. Reb1 Rfb8 29. Rxb2 Rxb2 30. a4 Kf7 31. Rc1 Ra2 32. c4 dxc4 33. Rxc4 Ra1+ 34. Kh2 Rxa4 35. Rxa4 1-0

[Event "Late-Titled-Tuesday-Blitz-June-18-2024"]
[Site "Chess.com"]
[Date "2024.06.18"]
[Round "2"]
[White "dozer80"]
[Black "sammartin99"]
[Result "0-1"]
[WhiteElo "2669"]
[BlackElo "2371"]
[TimeControl "180+1"]
[EndTime "14:16:25 PDT"]
[Termination "sammartin99 won by resignation"]

1. Nf3 d5 2. e3 Nf6 3. b3 Bg4 4. Bb2 Nbd7 5. d3 e5 6. h3 Bxf3 7. Qxf3 c6 8. a3 Bd6 9. Nd2 a5 10. g4 O-O 11. Bg2 Qe7 12. O-O a4 13. b4 Ne8 14. c4 dxc4 15. Nxc4 Bc7 16. e4 Nd6 17. Ne3 Nb5 18. Nf5 Qe6 19. Rfe1 Bb6 20. Rad1 Rad8 21.
Qg3 g6 22. Kh2 Rfe8 23. f4 exf4 24. Nh6+ Kf8 25. Qxf4 Bc7 26. e5 Nxe5 27. Kh1 Nxd3 28. Rxe6 Bxf4 29. Rxe8+ Kxe8 0-1

[Event "Late-Titled-Tuesday-Blitz-June-18-2024"]
[Site "Chess.com"]
[Date "2024.06.18"]
[Round "2"]
[White "dabee"]
[Black "js20000"]
[Result "0-1"]
[WhiteElo "2548"]
[BlackElo "2793"]
[TimeControl "180+1"]
[EndTime "14:16:27 PDT"]
[Termination "js20000 won by resignation"]

1. d4 d6 2. e4 Nf6 3. Nc3 e6 4. f4 Nc6 5. Nf3 d5 6. e5 Ne4 7. Bd3 Bb4 8. Bd2 Bxc3 9. bxc3 Ne7 10. c4 Nxd2 11. Qxd2 dxc4 12. Bxc4 b6 13. Bb5+ Bd7 14.
Bxd7+ Qxd7 15. c4 Rd8 16. O-O c5 17. Rfd1 cxd4 18. Qxd4 Qxd4+ 19. Nxd4 O-O 20. Nb5 Nc6 21. Kf2 f6 22. exf6 gxf6 23. Ke3 Kf7 24. Rac1 Ke7 25. g3 a6 26. Nd4 Na5 27. a4 Rc8 28. Kd3 Rfd8 29.
Rc3 e5 0-1

[Event "Late-Titled-Tuesday-Blitz-June-18-2024"]
[Site "Chess.com"]
[Date "2024.06.18"]
[Round "2"]
[White "FrankDux44"]
[Black "OparinGrigoriy"]
[Result "0-1"]
[WhiteElo "2626"]
[BlackElo "3026"]
[TimeControl "180+1"]
[EndTime "14:16:28 PDT"]
[Termination "OparinGrigoriy won by resignation"]

1. d4 f5 2. Nf3 Nf6 3. Bf4 d6 4.
h3 e6 5. Bh2 Be7 6. e3 O-O 7. Be2 Qe8 8. O-O Nc6 9. c4 Bd8 10.
Nc3 e5 11. a3 e4 12. Nd2 Ne7 13. c5 d5 14. b4 g5 15. b5 Ng6 16. Qb3 c6 17. Bd6 Rf7 18. f4 exf3 19. Nxf3 Qxe3+ 20. Kh1 Ne4 21. Rac1 g4 22. bxc6 bxc6 23. Qc2 Nxd6 24.
cxd6 gxf3 25. Bxf3 Qe6 26. Na4 Qxd6 27. Qxc6 Qxc6 28.
Rxc6 Ne7 29. Rd6 Bc7 30. Rxd5 Nxd5 31. Bxd5 Rb8 32. Nc5 Bd6 33. Re1 Kg7 34. Bxf7 Kxf7 0-1

[Event "Late-Titled-Tuesday-Blitz-June-18-2024"]
[Site "Chess.com"]
[Date "2024.06.18"]
[Round "2"]
[White "TigrVShlyape"]
[Black "Dexter_Dyke"]
[Result "1-0"]
[WhiteElo "2997"]
[BlackElo "2504"]
[TimeControl "180+1"]
[EndTime "14:16:28 PDT"]
[Termination "TigrVShlyape won by resignation"]

1. e4 e6 2. d4 a6 3. c4 d5 4. exd5 exd5 5. Nf3 Nf6 6. Bd3 Bb4+ 7. Nc3 dxc4 8. Bxc4 O-O 9. O-O Bg4 10. a3 Bd6 11. h3 Bh5 12. Bg5 Nbd7 13. Re1 h6 14. Bh4 Re8 15. Qd3 g5 16. Bg3 Kg7 17. Ne5 Bxe5 18.
dxe5 Ng8 19. Nd5 Nc5 20. Qc3 Ne6 21. b4 c6 22. Ne3 Bg6 23. Rad1 Qb6 24. Rd6 Rad8 25.
Red1 Rxd6 26. exd6+ Kh7 27. d7 Rd8 28. Bxe6 fxe6 29. Nc4 1-0

[Event "Late-Titled-Tuesday-Blitz-June-18-2024"]
[Site "Chess.com"]
[Date "2024.06.18"]
[Round "2"]
[White "Mikhal867"]
[Black "JEHUBNER"]
[Result "1-0"]
[WhiteElo "2455"]
[BlackElo "2100"]
[TimeControl "180+1"]
[EndTime "14:16:32 PDT"]
[Termination "Mikhal867 won by resignation"]

1. d4 d5 2. c4 Nf6 3. cxd5 Nxd5 4. e4 Nb6 5. Nc3 e6 6. Nf3 Nc6 7. a3 Be7 8. e5 Nd5 9. Bd3 O-O 10. h4 Re8 11. Bxh7+ Kf8 12. h5 Nxc3 13. bxc3 Nb8 14. Qc2 c5 15. h6 Bf6 16. exf6 Qxf6 17. Bg5 1-0

[Event "Late-Titled-Tuesday-Blitz-June-18-2024"]
[Site "Chess.com"]
[Date "2024.06.18"]
[Round "2"]
[White "Nicolik"]
[Black "SoCalJuniorChess"]
[Result "1-0"]
[WhiteElo "2651"]
[BlackElo "2217"]
[TimeControl "180+1"]
[EndTime "14:16:33 PDT"]
[Termination "Nicolik won by resignation"]

1. d4 Nf6 2. Nc3 g6 3. e4 d6 4.
Be3 Bg7 5. Qd2 O-O 6. f3 c5 7.
dxc5 Qa5 8. cxd6 exd6 9. Bc4 Re8 10. Nge2 Nc6 11. O-O Ne5 12. Bb3 Be6 13. Nf4 Bxb3 14.
axb3 Qb4 15. Rfd1 Rad8 16. Rxa7 d5 17. Ncxd5 Nxd5 18. Nxd5 Qb5 19. Bd4 Nc6 20. Bxg7 Kxg7 21.
Qc3+ Kh6 22. Ra4 Ne5 23. Rad4 Nc6 24. R4d3 Ne5 25. Re3 Rc8 26. Qd2 Qc5 27. c4 Nc6 28.
Kh1 Kg7 29. Qc3+ Kh6 30. f4 f6 31. Qxf6 1-0

[Event "Late-Titled-Tuesday-Blitz-June-18-2024"]
[Site "Chess.com"]
[Date "2024.06.18"]
[Round "2"]
[White "temus_galaktionov"]
[Black "Skillcam"]
[Result "1-0"]
[WhiteElo "2869"]
[BlackElo "2586"]
[TimeControl "180+1"]
[EndTime "14:16:35 PDT"]
[Termination "temus_galaktionov won by resignation"]

1. d4 g6 2. c4 Bg7 3. Nf3 c6 4.
Nc3 d5 5. Qb3 dxc4 6. Qxc4 Nf6 7. Bg5 O-O 8. e4 h6 9. Bf4 Be6 10. Qd3 Na6 11. Be2 Rc8 12. O-O Nh5 13. Be3 Qc7 14. Qd2 Kh7 15. Rac1 Qb8 16. Rfd1 Nb4 17. a3 Na2 18. Nxa2 Bxa2 19. h3 Rfd8 20. Qb4 e6 21. e5 Bd5 22. g4 Rg8 23. gxh5 gxh5 24. Kf1 Qc7 25. Ke1 Bf8 26. Qd2 Rg2 27. Qd3+ Kh8 28.
Kd2 Qa5+ 29. Qc3 Qb6 30. Rg1 Rxg1 31. Nxg1 c5 32. dxc5 Qd8 33. Ke1 Qh4 34. Qd4 Qe7 35. b4 Qd7 36. Bf3 Qa4 37. Bxd5 exd5 38. Ne2 Qxa3 39.
e6+ Bg7 40. Qxd5 Qxb4+ 41. Bd2 Qh4 42. exf7 Qxh3 43. Bc3 Qg4 44. Bxg7+ Qxg7 45. Qxb7 Rf8 46. c6 Qg5 47. c7 Qa5+ 48. Kf1 1-0

[Event "Late-Titled-Tuesday-Blitz-June-18-2024"]
[Site "Chess.com"]
[Date "2024.06.18"]
[Round "2"]
[White "Zurability"]
[Black "ValeriyGrinev"]
[Result "1-0"]
[WhiteElo "2794"]
[BlackElo "2549"]
[TimeControl "180+1"]
[EndTime "14:16:36 PDT"]
[Termination "Zurability won by resignation"]

1. e4 c6 2. d3 d5 3. Nf3 Qc7 4. c3 e5 5. g3 Nf6 6. Nbd2 Bd6 7.
Bg2 O-O 8. O-O Re8 9. Re1 a5 10. Qc2 a4 11. Rb1 Na6 12. b4 axb3 13. axb3 b6 14.
b4 Bb7 15. Nf1 b5 16. Ne3 c5 17. bxc5 Qxc5 18. Nf5 Bf8 19. Be3 d4 20. Bd2 Rec8 21.
Rec1 dxc3 22. Qxc3 Qxc3 23. Rxc3 Rxc3 24. Bxc3 Nxe4 25.
dxe4 Bxe4 26. Ra1 Nc7 27. Rxa8 Nxa8 28. Nxe5 Bxf5 29. Bxa8 b4 30. Bb2 Be6 31. Nd3 b3 32.
Kf1 Bc4 33. Ke2 g6 34. Ke3 Be7 35. f4 h6 36. Bf3 f5 37. Bd1 Kf7 38. Ne5+ 1-0

[Event "Late-Titled-Tuesday-Blitz-June-18-2024"]
[Site "Chess.com"]
[Date "2024.06.18"]
[Round "2"]
[White "K_A_S_T_O_R"]
[Black "el_sporco"]
[Result "1-0"]
[WhiteElo "2834"]
[BlackElo "2569"]
[TimeControl "180+1"]
[EndTime "14:16:40 PDT"]
[Termination "K_A_S_T_O_R won by resignation"]

1. e4 e5 2. Nf3 Nc6 3. Bb5 Nf6 4.
d3 Bc5 5. c3 d6 6. O-O O-O 7.
h3 a6 8. Ba4 b5 9. Bb3 Bb6 10.
Re1 h6 11. Nbd2 Be6 12. Nf1 d5 13. exd5 Nxd5 14. Ng3 Qf6 15. Ne4 Qg6 16. Nh4 Qh7 17.
a4 Rad8 18. axb5 axb5 19. Qe2 Nf4 20. Bxf4 Bxb3 21. Be3 Bd5 22. Bxb6 Bxe4 23. dxe4 cxb6 24. Qxb5 Rd6 25. Nf5 Rf6 26. Ra6 g6 27. Ne3 Qg7 28. Nd5 Rd6 29. Rxb6 1-0

[Event "Late-Titled-Tuesday-Blitz-June-18-2024"]
[Site "Chess.com"]
[Date "2024.06.18"]
[Round "2"]
[White "Heliosis11"]
[Black "osielchesslover2011"]
[Result "0-1"]
[WhiteElo "2449"]
[BlackElo "2180"]
[TimeControl "180+1"]
[EndTime "14:16:43 PDT"]
[Termination "osielchesslover2011 won by resignation"]

1. d4 Nf6 2. c4 g6 3. g3 Bg7 4. Nf3 O-O 5. Bg2 d6 6. O-O Nbd7 7. Nc3 e5 8. d5 Ne8 9. e4 f5 10. b4 a5 11. Rb1 axb4 12. Rxb4 Nc5 13. Ne1 f4 14. Nd3 g5 15. Nxc5 dxc5 16. Rb1 g4 17. f3 h5 18. Ne2 Nd6 19. gxf4 exf4 20. Nxf4 Nxc4 21. Nxh5 Bd4+ 22. Kh1 Qh4 23. Ng3 gxf3 24. Bxf3 Bh3 25. Bg2 Rxf1+ 26. Qxf1 Rf8 27. Qxc4 Bxg2+ 28. Kxg2 Rf2+ 0-1

[Event "Late-Titled-Tuesday-Blitz-June-18-2024"]
[Site "Chess.com"]
[Date "2024.06.18"]
[Round "2"]
[White "nihalsarin"]
[Black "Dhaydon19"]
[Result "1-0"]
[WhiteElo "3202"]
[BlackElo "2655"]
[TimeControl "180+1"]
[EndTime "14:16:45 PDT"]
[Termination "nihalsarin won by resignation"]

1. d4 Nf6 2. c4 e6 3. Nf3 d5 4. Nc3 a6 5. e3 dxc4 6. Bxc4 b5 7. Bb3 Bb7 8. O-O Be7 9. Qe2 O-O 10. e4 b4 11. e5 bxc3 12. exf6 Bxf6 13. bxc3 Nc6 14. Rb1 Na5 15. Bc2 Bd5 16. Nd2 Qd6 17. c4 Bc6 18. Qh5 g6 19. Qxa5 Qxd4 20. Bb2 Qg4 21. f3 Bd4+ 22. Kh1 Qf4 23. Bxd4 Qxd4 24. Be4 Bxe4 25. Nxe4 Rab8 26. Qxc7 Rxb1 27. Rxb1 Rd8 28. h3 Rd7 29. Qxd7 1-0

[Event "Late-Titled-Tuesday-Blitz-June-18-2024"]
[Site "Chess.com"]
[Date "2024.06.18"]
[Round "2"]
[White "Fandorine"]
[Black "canhhuan"]
[Result "1-0"]
[WhiteElo "2919"]
[BlackElo "2500"]
[TimeControl "180+1"]
[EndTime "14:16:47 PDT"]
[Termination "Fandorine won by checkmate"]

1. c4 Nf6 2. Nc3 e5 3. Nf3 e4 4. Ng5 Nc6 5. Ngxe4 Nxe4 6. Nxe4 Bb4 7. a3 Ba5 8. g3 O-O 9. Bg2 d6 10. O-O Bb6 11.
d3 Bg4 12. h3 Bf5 13. Nc3 Re8 14. e3 Bd7 15. Kh2 Qc8 16. d4 Ne7 17. e4 a6 18. Be3 c5 19. d5 Ba5 20. Rc1 b5 21. cxb5 Bxb5 22. Nxb5 axb5 23. b4 Bb6 24. bxc5 Bxc5 25.
Bxc5 dxc5 26. d6 Qe6 27. dxe7 Qxe7 28. Qb3 Rab8 29. Rfd1 c4 30. Qb4 Qxb4 31. axb4 Rec8 32. Rd5 Rc7 33. f4 Ra7 34. Rcd1 f6 35. e5 fxe5 36. Rxe5 Ra4 37. Rd7 Rxb4 38. Ree7 Rb2 39. Rxg7+ Kh8 40. Rxh7+ Kg8 41. Rdg7+ Kf8 42. f5 Rb6 43. g4 Rh6 44. Rf7+ Ke8 45. Re7+ Kf8 46. Rhf7+ Kg8 47. g5 Ra6 48. Rg7+ Kf8 49. Ref7+ Ke8 50. g6 c3 51. Rg8# 1-0

[Event "Late-Titled-Tuesday-Blitz-June-18-2024"]
[Site "Chess.com"]
[Date "2024.06.18"]
[Round "2"]
[White "jlf287"]
[Black "KebabJangles"]
[Result "1-0"]
[WhiteElo "2513"]
[BlackElo "2293"]
[TimeControl "180+1"]
[EndTime "14:16:47 PDT"]
[Termination "jlf287 won by resignation"]

1. d4 Nf6 2. c4 g6 3. Nc3 Bg7 4. e4 d6 5. Be2 O-O 6. Nf3 e5 7. d5 a5 8. Bg5 h6 9. Be3 Ng4 10. Bd2 Na6 11. h3 Nf6 12. g4 Nc5 13. Qc2 h5 14. g5 Nh7 15. O-O-O Qe7 16. Be3 c6 17. Kb1 Rd8 18. h4 Bg4 19. Nd2 f5 20. f3 f4 21.
Bxc5 Bxf3 22. Nxf3 dxc5 23. dxc6 bxc6 24. Rxd8+ Rxd8 25.
Rd1 Nf8 26. Rxd8 Qxd8 27. Qd2 Qc7 28. Na4 Ne6 29. Qc3 Nd4 30. Bd1 Bf8 31. b3 Qd8 32.
Nb2 Qc7 33. Nd3 Bd6 34. Nxd4 cxd4 35. Qc1 c5 36. Qa3 Kf7 37. Qa4 Ke7 38. Qb5 Kd8 39. Qa6 Ke7 40. Qa8 Qd8 41. Qd5 Qc7 42. Qg8 a4 43.
Qxg6 a3 44. Qg7+ Ke8 45. Qxc7 Bxc7 46. Bxh5+ Kd7 47. Nxc5+ Kd6 48. Nd3 1-0

[Event "Late-Titled-Tuesday-Blitz-June-18-2024"]
[Site "Chess.com"]
[Date "2024.06.18"]
[Round "2"]
[White "JanistanTV"]
[Black "Jahonas"]
[Result "1-0"]
[WhiteElo "2783"]
[BlackElo "2400"]
[TimeControl "180+1"]
[EndTime "14:16:52 PDT"]
[Termination "JanistanTV won by resignation"]

1. d4 Nf6 2. c4 g6 3. Nc3 d5 4.
Nf3 Bg7 5. Qa4+ c6 6. cxd5 Nxd5 7. e4 Nxc3 8. bxc3 O-O 9. Be2 a5 10. O-O b5 11. Qc2 Ba6 12. Rd1 Qc7 13. Bg5 Re8 14.
e5 e6 15. h4 Nd7 16. h5 c5 17. Qe4 b4 18. Bxa6 Rxa6 19. Rac1 Qc6 20. Qh4 cxd4 21. cxd4 Qb7 22. hxg6 hxg6 23. Bh6 Nf8 24. Ng5 Qe7 25.
Rd3 f6 26. exf6 Bxf6 27. Rg3 Nh7 28. Qe4 e5 29. Qxg6+ Bg7 30. Qxa6 1-0

[Event "Late-Titled-Tuesday-Blitz-June-18-2024"]
[Site "Chess.com"]
[Date "2024.06.18"]
[Round "2"]
[White "moro182"]
[Black "RantomOpening"]
[Result "1-0"]
[WhiteElo "2921"]
[BlackElo "2606"]
[TimeControl "180+1"]
[EndTime "14:16:53 PDT"]
[Termination "moro182 won by resignation"]

1. d4 d5 2. Bf4 Nf6 3. e3 e6 4. Nf3 Bd6 5. Nbd2 O-O 6. Bd3 c5 7. dxc5 Bxf4 8. exf4 Qc7 9. g3 Qxc5 10. Qe2 b6 11. c3 a5 12. Nb3 Qc7 13. O-O Ba6 14. Bxa6 Nxa6 15. Ne5 Nc5 16. Nd4 Nfd7 17. Nec6 Nb8 18.
Nxb8 Raxb8 19. Rfe1 Qd7 20. Rad1 b5 21. h4 Rfc8 22.
h5 h6 23. Qg4 Ne4 24. f5 Nf6 25. fxe6 fxe6 26. Qxe6+ Qxe6 27. Rxe6 Nxh5 28. Nf5 Re8 29. Rxe8+ Rxe8 30. Rxd5 b4 31. cxb4 Re2 32. Rxa5 Rxb2 33. Nxh6+ gxh6 34. Rxh5 Rxb4 35. Rxh6 Ra4 36. Rc6 Rxa2 37.
Rc7 Ra3 38. Kg2 Ra4 39. f3 Kf8 40. g4 Ra3 41. Kg3 Rb3 42. g5 Ra3 43. Kg4 Rb3 44. f4 Ra3 45. g6 Rc3 46. g7+ Kg8 47. Rxc3 1-0

[Event "Late-Titled-Tuesday-Blitz-June-18-2024"]
[Site "Chess.com"]
[Date "2024.06.18"]
[Round "2"]
[White "santosalberto1987"]
[Black "vladislavkovalev"]
[Result "0-1"]
[WhiteElo "2579"]
[BlackElo "2858"]
[TimeControl "180+1"]
[EndTime "14:16:53 PDT"]
[Termination "vladislavkovalev won by resignation"]

1. e4 e5 2. Nf3 Nc6 3. Bc4 Nf6 4. d3 Bc5 5. c3 d6 6. Bb3 h6 7.
Nbd2 a6 8. Nf1 O-O 9. Ng3 Be6 10.
Bc2 d5 11. Qe2 dxe4 12. dxe4 b5 13. b3 b4 14. c4 Bg4 15. Be3 Nd4 16. Bxd4 Bxd4 17.
Rd1 g6 18. O-O Nd7 19. h3 Bxf3 20. Qxf3 Nc5 21. Ne2 Ne6 22. c5 Qe7 23. Bd3 Bxc5 24. Bc4 Kg7 25. Rd2 Ng5 26. Qd3 Rad8 27. Qc2 Rxd2 28.
Qxd2 Nxe4 29. Qc2 f5 30. Bxa6 Rd8 31. Bd3 Nxf2 32. Rxf2 Qd6 33. Bc4 Qd1+ 34. Qxd1 Rxd1+ 35. Kh2 Bxf2 0-1

[Event "Late-Titled-Tuesday-Blitz-June-18-2024"]
[Site "Chess.com"]
[Date "2024.06.18"]
[Round "2"]
[White "KamilaHryshchenko"]
[Black "Rainbow2014"]
[Result "0-1"]
[WhiteElo "2049"]
[BlackElo "2443"]
[TimeControl "180+1"]
[EndTime "14:16:54 PDT"]
[Termination "Rainbow2014 won by resignation"]

1. e4 c5 2. Nf3 e6 3. d3 a6 4. g3 Nc6 5. Bg2 Nf6 6. O-O d5 7. Nbd2 Be7 8. Re1 O-O 9. e5 Nd7 10.
Nf1 b5 11. Bf4 g5 12. Bd2 g4 13. Bh6 gxf3 14. Qxf3 Ndxe5 15. Qh5 f5 16. Bxf8 Bxf8 17. f4 Ng6 18. Ne3 Bg7 19. c3 b4 20. Rac1 bxc3 21. bxc3 Rb8 22. c4 Nb4 23. Red1 Bd4 24. Qf3 Nxa2 25.
Rc2 Nb4 26. Re2 Bb7 27. Qf2 a5 28. Kh1 a4 29. cxd5 Nxd5 30. Bxd5 Bxd5+ 31. Kg1 a3 0-1